Map: Ley Lines

Players

PuffFish

  • Race: Protoss Protoss
  • League: Diamond
  • Spawn Location: 7:00

llllllllllll - Winner!

  • Race: Terran Terran
  • League: Platinum
  • Spawn Location: 1:00

VOD

Have the link to the VOD?

Description

Time

  • Played on: April 25, 2025, 6:22 a.m.
  • Length: 3:06
Show
View Real Time Build Order
Export as new Build Order

PuffFish Protoss 

Build Orders: 1 Gate Expand 

Get SALT Encoding   

  12  0:00  Probe  
  13  0:12  Probe  
  14  0:19  Pylon  
  14  0:24  Probe  
  15  0:35  Probe  
  15  0:41  Gateway  
  16  0:43  Probe  
  16  0:49  Assimilator  
  17  0:52  Probe  
  18  1:04  Probe  
  19  1:16  Probe  
  20  1:33  Nexus  
  20  1:37  Cybernetics Core  
  20  1:40  Probe  
  21  1:47  Assimilator  
  21  1:53  Probe  
  22  2:09  Probe  
  23  2:17  Pylon  
  23  2:27  Stalker  
Show
View Real Time Build Order
Export as new Build Order

llllllllllll Terran - Winner!

Build Orders:  

Get SALT Encoding   

  12  0:00  SCV  
  13  0:12  SCV  
  14  0:18  Supply Depot  
  14  0:24  SCV  
  15  0:31  Refinery  
  15  0:45  Barracks  
  15  0:59  Barracks  
  14  1:19  Barracks  
  14  1:33  Reaper  
  14  1:37  Refinery  
  15  1:46  Reaper  
  16  2:06  Reaper x2  
  18  2:15  Orbital Command  
  18  2:22  Reaper  
Tags
 
Add a new tag
Caveats
  • Supply blocks, unpowered buildings, or Contaminate may cause inaccurate times.
  • Supply counts are checked every 10 seconds.